AoeStats
← Nelliel

Coastal Forest

503234438Analyzed
4v4 RM · 1mo ago on Aug 30, 2026· 18m 26s· 8 players
Game mode
Random Map
Map size
Large (8 player)
Population
200
Speed
Normal
Resources
Standard
Victory
Conquest
Starting age
Dark Age
Ending age
Imperial Age
RankedLock teamsTeams togetherTeam positionsShared explorationLock speedFull tech treeHidden civsTurbo modeCheats
Victory
Defeat
🇨🇴 Byzantines · Colombia
826
+15
🇦🇷 Byzantines · Argentina
823
+15
🇵🇱 Celts · Poland
813
+15
🇺🇸 Armenians · United States
809
+16
🇫🇷 Persians · France
810
-16
🇨🇷 Japanese · Costa Rica
807
-16
🇮🇳 Khmer · India
795
-15
🇨🇷 Franks · Costa Rica
792
-15
Nelliel
8:51 Loom
12:25 Feudal Age
13:21 Double-Bit Axe
15:23 Gold Mining
18:09 Arson
DSLG | Asura
12:57 Feudal Age
14:03 Fishing Lines
Dani120588
11:09 Feudal Age
11:43 Loom
19:33 Castle Age
Kakashi
1:25 Loom
13:30 Feudal Age
14:52 Wheelbarrow
17:39 Town Watch
ZupaOgorkowa
0:55 Loom
14:26 Feudal Age
15:59 Wheelbarrow
15:10 Town Watch
15:37 Horse Collar
15:55 Double-Bit Axe
15:57 Fishing Lines
TAZmania
11:02 Feudal Age
12:30 Wheelbarrow
11:41 Loom
11:39 Horse Collar
11:45 Double-Bit Axe
13:29 Stone Mining
16:41 Forging
16:55 Scale Mail Armor
DirtyOldHobo
0:46 Loom
13:33 Feudal Age
14:12 Horse Collar
15:37 Wheelbarrow
17:36 Double-Bit Axe
17:42 Gold Mining
17:42 Stone Mining
Wolf-Salomon
2:48 Loom
3:25 Loom
9:34 Feudal Age
10:53 Wheelbarrow
10:08 Double-Bit Axe
13:38 Fishing Lines
20:46 Castle Age
Connection lost

Rejoining the realm…

Still unreachable

The connection could not be restored.

Session expired

The server has moved on; the page needs a fresh start.